 Dungeon Sprint DCSS version 0.29-a0-837-g174bc33265 (webtiles) character file.

Game seed: 17228933119183878420

109 27snakeeyes612 the Cudgeller (level 4, -4/50 HPs)
             Began as a Troll Berserker on July 13, 2022.
             Was a Follower of Trog.
             Slain by Sigmund
             ... wielding a +0 scythe
              (7 damage)
             ... in the Dungeon (Sprint I: "Red Sonja").
             The game lasted 00:01:12 (142 turns).

27snakeeyes612 the Cudgeller (Troll Berserker)       Turns: 142, Time: 00:01:13

Health: -4/50      AC:  4    Str: 27    XL:     4   Next: 60%
Magic:  3/3        EV: 10    Int:  3    God:    Trog [*.....]
Gold:   108        SH:  0    Dex:  9    Spells: 3/3 levels left

rFire   . . .      SeeInvis .     - Unarmed
rCold   . . .      Faith    .   (no shield)
rNeg    . . .      Spirit   .   b - +0 animal skin
rPois   .          Reflect  .   (helmet restricted)
rElec   .          Harm     .   (no cloak)
rCorr   .          Rampage  .   (gloves unavailable)
Will    .....      NoTele   +   (boots unavailable)
Stlth   +.........              (no amulet)
HPRegen 0.96/turn               (no ring)
MPRegen 0.08/turn               (no ring)

@: on berserk cooldown, slowed, very slow
A: large, unfitting armour, claws 3, regeneration 1, shaggy fur 1, tough skin 1
a: Renounce Religion, Berserk


You were in the Dungeon.
You worshipped Trog.
Trog was aware of your devotion.
You visited 1 branch You collected 108 gold pieces.

Inventory:

Hand Weapons
 a - a +0 mace
 j - a +0 giant club
Armour
 b - a +0 animal skin (worn)
Wands
 i - a wand of digging (5)
Scrolls
 h - a scroll of blinking
Potions
 c - a potion of curing
 e - a potion of haste
 f - 2 potions of magic
 g - a potion of berserk rage


   Skills:
 + Level 5.0 Fighting
 + Level 5.3 Maces & Flails
 + Level 4.9 Dodging
 + Level 1.4 Unarmed Combat
 + Level 0.1 Evocations


You had 3 spell levels left.
You didn't know any spells.
Your spell library was empty.

Dungeon Overview and Level Annotations

Branches:
Dungeon (1/1)

Altars:
Cheibriados
Dithmenos
Fedhas
Gozag
Hepliaklqana
Kikubaaqudgha
Nemelex Xobeh
Okawaru
Qazlal
Ru
Trog
Uskayaw
Yredelemnul

Shops:
D [

Annotations:
D Sigmund


Innate Abilities, Weirdness & Mutations

You are too large for most types of armour.
You have claws for hands.
Your natural rate of healing is unusually fast.
You are covered in fur. (AC +1)
You have tough skin. (AC +1)


Message History

You miss Sigmund.
Sigmund is severely wounded.
You feel less confused. Sigmund hits you with a +0 scythe.
You barely miss Sigmund.
Sigmund is severely wounded.
Sigmund points at you and mumbles some strange words.
You resist with some effort. Sigmund hits you with a +0 scythe!
You closely miss Sigmund.
Sigmund is severely wounded.
Sigmund mumbles some strange words.
Sigmund flickers and vanishes!
Deactivating autopickup; reactivate with Ctrl-A.
You closely miss something. Your claw misses something.
Something hits you but does no damage.
You barely miss something. Something hits you.
You scratch something. Something hits you!
You barely miss something. Something hits you.
You completely miss something. Something hits you!
* * * LOW HITPOINT WARNING * * *
You feel much better. Something hits you!
You closely miss something. Something hits you.
You closely miss something. Something hits you!
* * * LOW HITPOINT WARNING * * *
You closely miss something. Something hits you but does no damage.
You scratch something.
You hear some strange, mumbled words.
A puff of flame appears from out of thin air!
The puff of flame misses you.
You barely miss something.
You hear some strange, mumbled words.
A magic dart appears from out of thin air!
The magic dart hits you.
* * * LOW HITPOINT WARNING * * *
You closely miss something. Something hits you!
* * * LOW HITPOINT WARNING * * *
You closely miss something. Something hits you!
* * * LOW HITPOINT WARNING * * *
You scratch something. Something hits you!
You die...

########## ##
#<....†..#..+
#..').#.@{..#
#..#####'####
#..# #..#
#..# ####
#..# ____#
#⌠⌠#_.∩..Y
##.._..__#
#..#_____#
##########


There were no monsters in sight!

Vanquished Creatures
  An ogre (D)
  Ijyb (D)
2 creatures vanquished.

Notes
Turn   | Place    | Note
-------+----------+-------------------------------------------
     0 | D        | 27snakeeyes612 the Troll Berserker began the quest for the
                  | Orb.
     0 | D        | Reached XP level 1. HP: 22/22 MP: 0/0
     7 | D        | Noticed Ijyb
    13 | D        | Killed Ijyb
    14 | D        | Reached XP level 2. HP: 32/32 MP: 1/1
    52 | D        | Noticed a yak
    52 | D        | Found a basalt altar of Yredelemnul.
    52 | D        | Found a hide-covered altar of Uskayaw.
    52 | D        | Found a hazy altar of Hepliaklqana.
    52 | D        | Found a shadowy altar of Dithmenos.
    52 | D        | Found an ancient bone altar of Kikubaaqudgha.
    52 | D        | Found a sacrificial altar of Ru.
    52 | D        | Found a snail-covered altar of Cheibriados.
    52 | D        | Found Hilidaff's Armour Emporium.
    52 | D        | Found an opulent altar of Gozag.
    52 | D        | Found a sparkling altar of Nemelex Xobeh.
    52 | D        | Found an iron altar of Okawaru.
    52 | D        | Found a bloodstained altar of Trog.
    52 | D        | Found a blossoming altar of Fedhas.
    52 | D        | Found a stormy altar of Qazlal.
    62 | D        | Noticed an ogre
    65 | D        | Killed an ogre
    66 | D        | Reached skill level 5 in Fighting
    66 | D        | Reached skill level 5 in Maces & Flails
    66 | D        | Reached skill level 1 in Unarmed Combat
    66 | D        | Reached XP level 3. HP: 42/42 MP: 2/2
    66 | D        | Reached XP level 4. HP: 50/50 MP: 3/3
   117 | D        | Noticed Sigmund
   141 | D        | HP: 2/50 [something (9)]
   142 | D        | Slain by Sigmund

Illustrated notes

Levels and vault maps discovered:
D:        dungeon_sprint_1 [red_sonja_temple_1, red_sonja_temple_small_1]

Skill      XL: |  1  2 |
---------------+-------+-----
Fighting       | 3 5 |  5.0
Maces & Flails | 4 5 |  5.3
Dodging        | 3 4 |  4.9
Unarmed Combat | 1 |  1.4
Evocations     | |  0.1

Action                   |  1- 3 |  4- 6 || total
-------------------------+-------+-------++-------
Melee: Unarmed           |     6 |    18 ||    24
Invok: Berserk           |     2 |     1 ||     3
Evoke: Wand              |     2 |       ||     2
  Use: Potion            |       |     1 ||     1
Armor: Animal skin       |       |     2 ||     2
Dodge: Dodged            |     1 |     2 ||     3

Table legend: (Time is in decaauts)
 A = Elapsed time spent in this place.
 B = Non-inter-level travel time spent in this place.
 C = Inter-level travel time spent in this place.
 D = Time resting spent in this place.
 E = Time spent auto-exploring this place.
 F = Levels seen in this place.
 G = Mean time per level.
                   A        B        C        D        E       F      G
               +--------+--------+--------+--------+--------+-----+--------+
         Total |    164 |    164 |      0 |     49 |      0 |   1 |  164.0 |
       Dungeon |    164 |    164 |      0 |     49 |      0 |   1 |  164.0 |
               +--------+--------+--------+--------+--------+-----+--------+

Top non-repeatable levels by time:
       D: 164 daAuts
